 Dungeon Crawl Stone Soup version 0.30.0-29-ga12c61a403 (webtiles) character file.

Game seed: 17879805653684747085

199 Descartes the Shield-Bearer (level 6, -2/43 HPs)
             Began as a Formicid Wanderer on June 21, 2023.
             Slain by a gnoll bouda
             ... wielding a +0 club
              (6 damage)
             ... on level 3 of the Dungeon.
             The game lasted 00:08:46 (4144 turns).

Descartes the Shield-Bearer (Formicid Wanderer)     Turns: 4144, Time: 00:08:46

Health: -2/43      AC:  2    Str: 15    XL:     6   Next: 6%
Magic:  1/9        EV: 11    Int: 23    God:
Gold:   137        SH:  5    Dex: 11    Spells: 5/9 levels left

rFire   . . .        n - +0 hand axe
rCold   . . .        d - +0 buckler
rNeg    . . .        c - +0 robe
rPois   .            (helmet unavailable)
rElec   .            (no cloak)
rCorr   .            (no gloves)
SInv    +            (no boots)
Will    .....        p - amulet of the acrobat
Stlth   +            w - +6 ring of intelligence
HPRegen 0.27/turn    (no ring)
MPRegen 0.11/turn

%: acrobat
@: no status effects
A: permanent stasis, dig shafts and tunnels, antennae 3, four strong arms
a: Dig, Shaft Self


You were on level 3 of the Dungeon.
You visited 1 branch of the dungeon, and saw 4 of its levels.

You collected 137 gold pieces.

Inventory:

Hand Weapons
 a - a +0 club
 n - a +0 hand axe (weapon)
Armour
 c - a +0 robe (worn)
 d - a +0 buckler (worn)
Jewellery
 p - an amulet of the acrobat (around neck)
 w - a +6 ring of intelligence (left hand)
Wands
 u - a wand of charming (8)
Scrolls
 e - 7 scrolls of identify {unknown}
 f - a scroll of brand weapon {unknown}
 g - 2 scrolls of teleportation {unknown}
 h - a scroll of enchant armour {unknown}
 k - 2 scrolls of vulnerability {unknown}
 l - a scroll of fog {unknown}
 o - a scroll of noise {unknown}
 r - 2 scrolls of magic mapping {unknown}
 t - a scroll of amnesia {unknown}
 v - a scroll of torment {unknown}
Potions
 b - 2 potions of heal wounds
 i - a potion of berserk rage {unknown}
 j - a potion of resistance {unknown}
 m - a potion of flight {unknown}
 q - 2 potions of curing {unknown}
 s - a potion of magic {unknown}


   Skills:
 + Level 1.1 Fighting
 + Level 1.7 Armour
 - Level 1.0 Dodging
 + Level 4.7 Shields
 + Level 2.1 Spellcasting
 * Level 3.1 Air Magic
 * Level 2.6 Earth Magic
 + Level 3.4 Poison Magic
 + Level 1.3 Evocations


You had 5 spell levels left.
You knew the following spells:

 Your Spells              Type           Power      Damage    Failure   Level
a - Shock                 Conj/Air       36%        1d5       9%          1
b - Sting                 Tmut/Pois      40%        1d5       8%          1
c - Static Discharge      Conj/Air       18%        2-3/arc   13%         2

Your spell library contained the following spells:

 Spells                   Type           Power      Damage    Failure   Level
 Ensorcelled Hibernation  Hex/Ice        4%         N/A       24%         2
 Lesser Beckoning         Tloc           4%         N/A       24%         2
 Spider Form              Tmut/Pois      10%        N/A       24%         3
 Gell's Gravitas          Tloc           2%         N/A       43%         3
 Teleport Other           Tloc           2%         N/A       43%         3
 Summon Lightning Spire   Summ/Air       9%         N/A       63%         4
 Anguish                  Hex/Necr       1%         N/A       85%         4


Dungeon Overview and Level Annotations

Branches:
Dungeon (4/15)
 Temple: D:4-7

Altars:
Xom


Innate Abilities, Weirdness & Mutations

You cannot be hasted, slowed, berserked, paralysed or teleported.
You can dig through walls and to a lower floor.
You have a pair of large antennae on your head. (SInv)
Your four strong arms can wield two-handed weapons with a shield.


Message History

The gnoll bouda prays to its god.
The gnoll bouda is healed somewhat.
Casting: Shock (safe; 9% risk of failure)
Confirm with . or Enter, or press ? or * to list all spells.
You don't have enough magic to cast this spell.
Unknown command.
Casting: Shock (safe; 9% risk of failure)
Confirm with . or Enter, or press ? or * to list all spells.
You don't have enough magic to cast this spell.
You hit the gnoll bouda but do no damage.
The gnoll bouda is heavily wounded.
You hit the gnoll but do no damage. The gnoll barely misses you.
The gnoll bouda hits you with a +0 club!
You block the gnoll's attack.
Unknown command.
You hit the gnoll bouda.
The gnoll bouda is severely wounded.
You closely miss the gnoll.
The gnoll bouda calls upon its god to heal the gnoll.
The gnoll is healed somewhat.
The gnoll misses you. You block the gnoll bouda's attack.
You hit the gnoll bouda but do no damage.
The gnoll bouda is severely wounded.
You hit the gnoll but do no damage.
Your attacks no longer feel as feeble.
The gnoll closely misses you. You block the gnoll bouda's attack.
The gnoll closely misses you.
Unknown command.
You hit the gnoll bouda but do no damage.
The gnoll bouda is severely wounded.
You hit the gnoll.
The gnoll is no longer moving quickly.
The gnoll bouda hits you with a +0 club!
* * * LOW HITPOINT WARNING * * *
The gnoll hits you with a +0 whip.
* * * LOW HITPOINT WARNING * * *
You hit the gnoll bouda but do no damage.
The gnoll bouda is severely wounded.
You closely miss the gnoll.
The gnoll bouda hits you with a +0 club.
You die...

#.............######## #.#).....
#......>.............###.....###
#....^........................#.
#................[..............
###.....#.......................
###...........................
#.....[...................##
#......)..................##
#.......<<.@................
#####.........gg................
##.........#..>................#.
...###.....#...................#.
..## ##....##................###.
§☼# #....##....................
○§# #....##........###.#..####.
§.# #######.#.....####...## ##
..##### #.................## #


You could see a gnoll bouda and a gnoll.

Vanquished Creatures
  An iguana (D:3)
  A gnoll (D:3)
  5 adders
  An ufetubus (D:3)
  A worm (D:2)
  An orc (D:3)
  8 endoplasms
  8 goblins
  10 hobgoblins
  2 jackals (D:1)
  2 quokkas
  7 ball pythons
  3 bats
  8 frilled lizards
  3 kobolds
  3 rats
64 creatures vanquished.

Vanquished Creatures (others)
  5 dream sheep (D:3)
  A rat (D:3)
6 creatures vanquished.

Grand Total: 70 creatures vanquished

Notes
Turn   | Place    | Note
-------+----------+-------------------------------------------
     0 | D:1      | Descartes the Formicid Wanderer began the quest for the
                  | Orb.
     0 | D:1      | Descartes set off with the following items: a +0 club, a
                  | potion of heal wounds, a +0 robe, a +0 buckler; and the
                  | following spells available to memorise: Sting, Shock,
                  | Static Discharge, Spider Form, Summon Lightning Spire.
     0 | D:1      | Reached XP level 1. HP: 13/13 MP: 2/2
     8 | D:1      | Learned a level 1 spell: Shock
   206 | D:1      | Reached XP level 2. HP: 19/19 MP: 0/3
   740 | D:1      | Reached skill level 1 in Earth Magic
   848 | D:1      | Reached XP level 3. HP: 24/24 MP: 1/5
  1010 | D:1      | Reached skill level 1 in Armour
  1224 | D:1      | Learned a level 1 spell: Sting
  1522 | D:2      | HP: 1/24 [poisoned by an adder]
  1664 | D:2      | Reached XP level 4. HP: 2/30 MP: 1/6
  1664 | D:2      | HP: 1/30 [poisoned by an adder]
  1902 | D:2      | Identified the +0 scale mail of Lifelessness {Will- Dex+5}
  3156 | D:3      | Reached skill level 1 in Evocations
  3156 | D:3      | Reached XP level 5. HP: 36/36 MP: 2/7
  3226 | D:3      | Learned a level 2 spell: Static Discharge
  3557 | D:3      | Noticed a dream sheep
  3557 | D:3      | Noticed a dream sheep
  3557 | D:3      | Noticed a dream sheep
  3557 | D:3      | Noticed a dream sheep
  3557 | D:3      | Noticed a dream sheep
  3557 | D:3      | Found a shimmering altar of Xom.
  3559 | D:3      | Killed a dream sheep
  3560 | D:3      | Reached skill level 1 in Fighting
  3560 | D:3      | Killed a dream sheep
  3561 | D:3      | Killed a dream sheep
  3561 | D:3      | Killed a dream sheep
  3561 | D:3      | Killed a dream sheep
  4036 | D:3      | Reached XP level 6. HP: 41/43 MP: 7/9
  4133 | D:4      | HP: 2/43 [gnoll/+0 flail[a gnoll bouda] (8)]
  4144 | D:3      | Slain by a gnoll bouda

Illustrated notes

Levels and vault maps discovered:
D:1:      lightli_arrival_statue_moat, layout_basic, minmay_misc_feat_encased
D:2:      layout_basic
D:3:      layout_rooms, kb_xom_exploding_sheep, lemuel_flame_loot_1
D:4:      corexii_shantytown, layout_rooms, minivault_1,
          minmay_stone_trees_medium, hangedman_decor_riveting, dk_vineyard_3

Skill      XL: |  1  2  3  4  5 |
---------------+----------------+-----
Earth Magic    | 1 2 |  2.6
Poison Magic   | 3 |  3.4
Armour         | 1 |  1.7
Evocations     | 1 |  1.3
Fighting       | 1 |  1.1
Air Magic      | 3 |  3.1
Spellcasting   | 2 |  2.1
Dodging        | |  1.0
Shields        | |  4.7

Action                     |  1- 3 |  4- 6 || total
---------------------------+-------+-------++-------
  Melee: Club              |    24 |       ||    24
         Hand axe          |    18 |    22 ||    40
   Cast: Shock             |    65 |   104 ||   169
    Use: Potion            |       |     2 ||     2
 Armour: Robe              |    19 |     4 ||    23
  Dodge: Dodged            |    51 |    41 ||    92
  Block: Buckler           |    12 |    13 ||    25
